AoeStats
← Gregory176144

Arabia

510446748Analyzed
1v1 RM · 1d ago on Oct 1, 2026· 17m 18s· 2 players
Game mode
Random Map
Map size
Tiny (2 player)
Population
200
Speed
Normal
Resources
Standard
Victory
Conquest
Starting age
Dark Age
Ending age
Imperial Age
RankedLock teamsTeams togetherTeam positionsShared explorationLock speedFull tech treeHidden civsTurbo modeCheats
Victory
Defeat
🇲🇽 Persians · Mexico
1334
+17
🇦🇷 Mongols · Argentina
1366
-17
Mariotellop
4:50 Loom
10:20 Feudal Age
11:54 Wheelbarrow
14:50 Castle Age
13:12 Horse Collar
14:13 Double-Bit Axe
15:28 Heavy Plow
17:05 Stone Mining
Gregory176144
8:52 Feudal Age
10:07 Double-Bit Axe
10:03 Horse Collar
17:28 Castle Age
16:26 Stone Mining
16:27 Gold Mining
Connection lost

Rejoining the realm…

Still unreachable

The connection could not be restored.

Session expired

The server has moved on; the page needs a fresh start.